 Dungeon Crawl Stone Soup version 0.29-a0-330-g52719c12eb (webtiles) character file.

Game seed: 14568805037895062472

280 Ajdolov the Skirmisher (level 6, -1/63 HPs)
             Began as an Ogre Wanderer on Apr 22, 2022.
             Slain by a killer bee (4 damage)
             ... on level 5 of the Dungeon.
             The game lasted 00:04:17 (4311 turns).

Ajdolov the Skirmisher (Ogre Wanderer)              Turns: 4311, Time: 00:04:17

Health: -1/63      AC:  4    Str: 21    XL:     6   Next: 27%
Magic:  7/7        EV: 10    Int: 10    God:
Gold:   206        SH:  0    Dex:  9    Spells: 7/7 levels left

rFire   . . .      SeeInvis .   h - +0 mace
rCold   . . .      Faith    .   (no shield)
rNeg    . . .      Spirit   .   c - +0 robe
rPois   .          Reflect  .   (helmet restricted)
rElec   .          Harm     .   m - +0 cloak
rCorr   .          Rampage  .   (gloves unavailable)
Will    .....                   (boots unavailable)
Stlth   +.........              (no amulet)
HPRegen 0.20/turn               (no ring)
MPRegen 0.10/turn               (no ring)

@: lethally poisoned (-1 -> -14)
A: large, unfitting armour, tough skin 1
a: no special abilities


You were on level 5 of the Dungeon.
You visited 1 branch of the dungeon, and saw 5 of its levels.

You collected 206 gold pieces.

Inventory:

Hand Weapons
 a - a +2 short sword
 h - a +0 mace (weapon)
Armour
 c - a +0 robe (worn)
 m - a +0 cloak (worn)
Wands
 o - a wand of acid (7)
 t - a wand of digging (4)
Scrolls
 b - a scroll of teleportation
 g - a scroll of blinking {unknown}
 j - 5 scrolls of identify {unknown}
 l - a scroll of holy word {unknown}
 n - a scroll of torment {unknown}
 s - a scroll of fog {unknown}
 v - 2 scrolls of amnesia {unknown}
 w - a scroll of magic mapping {unknown}
 x - a scroll of fear {unknown}
Potions
 d - a potion of heal wounds
 e - 3 potions of curing {unknown}
 f - 2 potions of ambrosia {unknown}
 i - a potion of attraction {unknown}
 k - 2 potions of haste {unknown}
 p - 2 potions of mutation {unknown}
 q - 2 potions of might {unknown}
 r - 2 potions of flight {unknown}
 u - a potion of lignification {unknown}
 z - a potion of magic {unknown}


   Skills:
 + Level 4.5 Fighting
 - Level 2.6 Short Blades
 * Level 4.4 Maces & Flails
 - Level 2.1 Dodging
 - Level 1.0 Unarmed Combat
 - Level 1.2 Spellcasting
 - Level 1.0 Evocations


You had 7 spell levels left.
You didn't know any spells.
Your spell library contained the following spells:

 Spells                   Type           Power      Damage    Failure   Level
 Animate Skeleton         Necr           0%         N/A       34%         1
 Apportation              Tloc           0%         N/A       34%         1
 Summon Small Mammal      Summ           0%         N/A       34%         1


Dungeon Overview and Level Annotations

Branches:
Dungeon (5/15)
 Temple: D:4-7

Altars:


Innate Abilities, Weirdness & Mutations

You are too large for most types of armour.
You have tough skin. (AC +1)


Message History

The killer bee misses you. x2; The killer bee stings you.
You are poisoned.
The killer bee poisons you!
There is an open door here.
You feel sick.
The killer bee stings you but does no damage.
You feel sick. The killer bee stings you! The killer bee stings you.
The killer bee attacks as you move away!
The killer bee stings you but does no damage.
The killer bee attacks as you move away!
The killer bee closely misses you.
You feel sick.
The killer bee stings you but does no damage.
You open the door.
You feel sick.
The killer bee stings you but does no damage.
The killer bee stings you! x2
* * * LOW HITPOINT WARNING * * *
The killer bee closely misses you.
The killer bee stings you but does no damage.
You feel sick. The killer bee completely misses you.
The killer bee closely misses you.
The killer bee stings you but does no damage.
There is an open door here.
The killer bee attacks as you move away!
The killer bee closely misses you.
The killer bee attacks as you move away!
The killer bee stings you.
* * * LOW HITPOINT WARNING * * *
You are more poisoned.
The killer bee poisons you!
* * * LOW HITPOINT WARNING * * *
You feel very sick. The killer bee stings you.
* * * LOW HITPOINT WARNING * * *
You are more poisoned.
The killer bee poisons you!
* * * LOW HITPOINT WARNING * * *
You feel very sick.
The killer bee buzzes angrily.
The killer bee barely misses you. The killer bee stings you.
You die...

...............
...............
.............. #########
.............
........######.....y.###
........#....#.......#
........#....#.......#
........#y...#.....y.#
.......@yy...#.......#
........#y...#.......#
.......y#....#.......#
..........#'##.......#
#########.y...#+######
#.....# #.....# #.....#
#.....#


You could see 5 killer bees.

Vanquished Creatures
  A kobold brigand (D:3)
  A killer bee (D:5)
  2 orc wizards (D:3)
  2 adders (D:2)
  5 worms
  2 dart slugs
  4 orcs (D:3)
  11 endoplasms
  11 giant cockroaches
  3 goblins
  5 hobgoblins
  3 quokkas (D:2)
  2 ball pythons
  9 bats
  4 frilled lizards
  8 kobolds
  5 rats
78 creatures vanquished.

Notes
Turn   | Place    | Note
-------+----------+-------------------------------------------
     0 | D:1      | Ajdolov the Ogre Wanderer began the quest for the Orb.
     0 | D:1      | Ajdolov set off with the following items: a +2 short sword,
                  | a scroll of teleportation, a +0 robe, a potion of heal
                  | wounds
     0 | D:1      | Reached XP level 1. HP: 19/19 MP: 2/2
   202 | D:1      | Reached skill level 1 in Maces & Flails
   202 | D:1      | Reached XP level 2. HP: 28/28 MP: 3/3
   937 | D:2      | Reached XP level 3. HP: 20/36 MP: 4/4
  1323 | D:2      | Found a faded altar of an unknown god.
  1939 | D:2      | Reached XP level 4. HP: 45/45 MP: 5/5
  2897 | D:3      | Noticed a kobold brigand
  2911 | D:3      | Killed a kobold brigand
  2912 | D:3      | Reached XP level 5. HP: 28/54 MP: 6/6
  3766 | D:3      | Reached XP level 6. HP: 17/63 MP: 7/7
  4230 | D:4      | You fall into a shaft and drop 1 floor!
  4230 | D:5      | Entered Level 5 of the Dungeon
  4311 | D:5      | HP: 3/63 [poisoned by a killer bee]
  4311 | D:5      | Slain by a killer bee

Illustrated notes

Levels and vault maps discovered:
D:1:      dpeg_arrival_round_b, layout_basic
D:2:      minmay_roachtagon, layout_loops_corners,
          hellmonk_ecumenical_altar_pennies_from_heaven
D:3:      layout_basic, feat_on_display
D:4:      layout_loops_ring
D:5:      layout_gridville, temple_doors_e, serial_shops, shop_fountains

Skill      XL: |  1  2  3  4  5 |
---------------+----------------+-----
Maces & Flails | 1 2 3 4 |  4.4
Fighting       | 2 3 4 |  4.5
Short Blades   | |  2.6
Dodging        | |  2.1
Unarmed Combat | |  1.0
Spellcasting   | |  1.2
Evocations     | |  1.0

Action                   |  1- 3 |  4- 6 || total
-------------------------+-------+-------++-------
Melee: Short sword       |   157 |    72 ||   229
       Mace              |     2 |    78 ||    80
       Punch             |     1 |     1 ||     2
Evoke: Wand              |       |     3 ||     3
Armor: Robe              |    38 |    63 ||   101
Dodge: Dodged            |    66 |    95 ||   161

Table legend: (Time is in decaauts)
 A = Elapsed time spent in this place.
 B = Non-inter-level travel time spent in this place.
 C = Inter-level travel time spent in this place.
 D = Time resting spent in this place.
 E = Time spent auto-exploring this place.
 F = Levels seen in this place.
 G = Mean time per level.
                   A        B        C        D        E       F      G
               +--------+--------+--------+--------+--------+-----+--------+
         Total |   4321 |   4243 |     78 |    329 |   3226 |   5 |  864.2 |
       Dungeon |   4321 |   4243 |     78 |    329 |   3226 |   5 |  864.2 |
               +--------+--------+--------+--------+--------+-----+--------+

Top non-repeatable levels by time:
     D:2: 1758 daAuts
     D:3: 1417 daAuts
     D:1: 918 daAuts
     D:4: 145 daAuts
     D:5: 81 daAuts
